 Dungeon Crawl Stone Soup version 0.30-a0-297-g0ec75d9ef4 (webtiles) character file.

Game seed: 6585991466081867840

140 billz999 the Sneak (level 5, -5/36 HPs)
             Began as a Vampire Earth Elementalist on Oct 19, 2022.
             Killed by divine providence
             ... invoked by an orc priest
              (17 damage)
             ... on level 3 of the Dungeon.
             The game lasted 00:03:28 (2465 turns).

billz999 the Sneak (Vampire Earth Elementalist)     Turns: 2465, Time: 00:03:29

Health: -5/36      AC:  5    Str:  7    XL:     5   Next: 2%
Magic:  1/8        EV: 12    Int: 20    God:
Gold:   108        SH:  0    Dex: 14    Spells: 7/8 levels left

rFire   . . .      SeeInvis +    d - +0 short sword
rCold   . . .      Faith    .    (no shield)
rNeg    . . .      Spirit   .    a - +0 robe
rPois   .          Reflect  .    (no helmet)
rElec   .          Harm     .    e - +2 cloak
rCorr   .          Rampage  .    (no gloves)
Will    .....                    (no boots)
Stlth   ++++......               (no amulet)
HPRegen 0.46/turn                (no ring)
MPRegen 0.11/turn                (no ring)

@: healing quickly
A: alive, fangs 3, see invisible, vampiric 2
a: Exsanguinate


You were on level 3 of the Dungeon.
You visited 1 branch of the dungeon, and saw 3 of its levels.

You collected 108 gold pieces.

Inventory:

Hand Weapons
 d - a +0 short sword (weapon)
Armour
 a - a +0 robe (worn)
 e - a +2 cloak (worn)
Jewellery
 b - a ring of protection from cold
 h - a +6 ring of intelligence
Scrolls
 c - 2 scrolls of identify {unknown}
 g - a scroll of teleportation {unknown}
Potions
 i - a potion of lignification {unknown}


   Skills:
 + Level 0.7 Fighting
 - Level 2.1 Dodging
 + Level 7.5 Stealth
 - Level 2.0 Spellcasting
 + Level 2.1 Transmutations
 - Level 3.0 Earth Magic


You had 7 spell levels left.
You knew the following spells:

 Your Spells              Type           Power      Damage    Failure   Level
a - Sandblast             Erth           28%        2d8       4%          1

Your spell library contained the following spells:

 Spells                   Type           Power      Damage    Failure   Level
 Passwall                 Tmut/Erth      10%        N/A       9%          2
 Cigotuvi's Dreadful Rot  Necr/Pois/Air  4%         N/A       24%         2
 Poisonous Vapours        Pois/Air       4%         N/A       24%         2
 Stone Arrow              Conj/Erth      16%        3d8       26%         3
 Mephitic Cloud           Conj/Pois/Air  2%         N/A       43%         3
 Ozocubu's Armour         Ice            2%         N/A       43%         3
 Petrify                  Tmut/Erth      12%        N/A       47%         4
 Metabolic Englaciation   Hex/Ice        1%         N/A       99%         5
 Simulacrum               Ice/Necr       1%         N/A       100%        6


Dungeon Overview and Level Annotations

Branches:
Dungeon (3/15)

Altars:

Shops:
D:3 =


Innate Abilities, Weirdness & Mutations

Your natural rate of healing is accelerated.
You have razor-sharp teeth.
You have supernaturally acute eyesight. (SInv)
You are afflicted with vampirism and can become a bat while bloodless.


Message History

An orc comes into view. It is wielding a +4 short sword.
Casting: Sandblast (safe; 4% risk of failure)
Confirm with . or Enter, or press ? or * to list all spells.
Aiming: Sandblast (safe; 4% risk of failure)
Press: ? - help, Shift-Dir - straight line, f - orc
Aim: an orc, wielding a +4 short sword (wandering, hasn't noticed you, 82% to hit)
The blast of sand hits the orc.
The orc is severely wounded.
The orc shouts!
You hear a shout!
The orc completely misses you.
An orc priest comes into view. It is wielding a +0 trident.
Casting: Sandblast (safe; 4% risk of failure)
Confirm with . or Enter, or press ? or * to list all spells.
Aiming: Sandblast (safe; 4% risk of failure)
Press: ? - help, Shift-Dir - straight line, f/p - orc
Aim: an orc, wielding a +4 short sword (severely wounded, 82% to hit)
The blast of sand misses the orc.
The orc priest hits you but does no damage.
The orc hits you with a +4 short sword.
An orc priest comes into view. It is wielding a +0 club.
Casting: Sandblast (safe; 4% risk of failure)
Confirm with . or Enter, or press ? or * to list all spells.
Aiming: Sandblast (safe; 4% risk of failure)
Press: ? - help, Shift-Dir - straight line, f/p - orc
Aim: an orc, wielding a +4 short sword (severely wounded, 82% to hit)
The blast of sand hits the orc!
You kill the orc!
The orc priest hits you from afar with a +0 trident!
Unknown command.
You aren't carrying any items that you can evoke.
Unknown command.
As you read the scroll labelled NOAKKAR YNYE, it crumbles to dust.
The scroll dissolves into smoke.
It was a scroll of fog.
The orc priest hits you from afar with a +0 trident.
The orc priest invokes the aid of Beogh against you.
Pain shoots through your body!
There is an entrance to Niopn's Jewellery Boutique here.
The orc priest calls down the wrath of Beogh upon you.
Beogh smites you!
You die...

...... #.##..
....#########
#.##†#
#####.......#
#.##.## # ..#
#.#####.####o.)o.
.# # #.###.#
#.##.#.##.##.##.#
#.....#
#.#.#§§##.#..?..?
#####.#
#..###§§o§.).....
#.#
#...#§§§§§†..####
#..
...##.#@####..#
####.#.###.#.#
..# # #. . ..#
..# # #. .....#
.# # ......... <#
# #. ....... #
##...#. # ##.# ..
#


You could see an orc priest.

Vanquished Creatures
  2 orc wizards (D:2)
  3 adders
  A dart slug (D:1)
  3 orcs
  4 ball pythons
  2 endoplasms (D:2)
  10 goblins
  6 hobgoblins
  2 quokkas (D:1)
  3 bats
  5 frilled lizards
  10 kobolds
  6 rats
57 creatures vanquished.

Notes
Turn   | Place    | Note
-------+----------+-------------------------------------------
     0 | D:1      | billz999 the Vampire Earth Elementalist began the quest for
                  | the Orb.
     0 | D:1      | Reached XP level 1. HP: 13/13 MP: 3/3
   281 | D:1      | Reached skill level 4 in Stealth
   313 | D:1      | Reached XP level 2. HP: 19/19 MP: 3/5
   816 | D:1      | Reached skill level 5 in Stealth
  1206 | D:2      | Gained mutation: You are afflicted with vampirism and can
                  | become a bat while bloodless. [Vampire growth]
  1206 | D:2      | Reached XP level 3. HP: 20/24 MP: 1/6
  1425 | D:2      | Reached skill level 6 in Stealth
  1437 | D:2      | Reached XP level 4. HP: 14/30 MP: 2/7
  1824 | D:2      | Reached skill level 7 in Stealth
  2406 | D:3      | Found Niopn's Jewellery Boutique.
  2454 | D:3      | Reached XP level 5. HP: 36/36 MP: 2/8
  2465 | D:3      | Killed from afar by an orc priest

Illustrated notes

Levels and vault maps discovered:
D:1:      evilmike_arrival_hilbert_curve, layout_loops_corners
D:2:      layout_loops_cross, minmay_indecisive_spiral
D:3:      layout_loops_ring, amcnicky_altar_gilded, serial_shops, shop,
          nicolae_shop_statue_plus, nicolae_shop_bloodbath_and_beyond, shop,
          nicolae_kite_square_tiling_tiny

Skill      XL: |  1  2  3  4 |
---------------+-------------+-----
Stealth        | 4 5 6 7 |  7.5
Transmutations | 2 |  2.1
Fighting       | |  0.7
Dodging        | |  2.1
Spellcasting   | |  2.0
Earth Magic    | |  3.0

Action                   |  1- 3 |  4- 6 || total
-------------------------+-------+-------++-------
 Cast: Sandblast         |    43 |    38 ||    81
  Use: Potion            |       |     1 ||     1
       Scroll            |       |     1 ||     1
Armor: Robe              |     1 |     2 ||     3
Dodge: Dodged            |     1 |    12 ||    13

Table legend: (Time is in decaauts)
 A = Elapsed time spent in this place.
 B = Non-inter-level travel time spent in this place.
 C = Inter-level travel time spent in this place.
 D = Time resting spent in this place.
 E = Time spent auto-exploring this place.
 F = Levels seen in this place.
 G = Mean time per level.
                   A        B        C        D        E       F      G
               +--------+--------+--------+--------+--------+-----+--------+
         Total |   2504 |   2485 |     19 |     46 |   2153 |   3 |  834.7 |
       Dungeon |   2504 |   2485 |     19 |     46 |   2153 |   3 |  834.7 |
               +--------+--------+--------+--------+--------+-----+--------+

Top non-repeatable levels by time:
     D:1: 1139 daAuts
     D:2: 1049 daAuts
     D:3: 315 daAuts
